 Dungeon Crawl Stone Soup version 0.25-a0-875-geaba134f46 (webtiles) character file.

Game seed: 5476530206825576989, levelgen mode: classic

12028 Amnesiac the Gelid (level 11, 0/60 HPs)
             Began as a Deep Elf Ice Elementalist on May 2, 2020.
             Was a High Priest of Vehumet.
             Slain by an unseen horror (7 damage)
             ... on level 14 of the Dungeon.
             The game lasted 00:34:22 (10745 turns).

Amnesiac the Gelid (Deep Elf Ice Elementalist)     Turns: 10745, Time: 00:34:22

Health: 0/60       AC:  8    Str:  5    XL:     11   Next: 57%
Magic:  23/30      EV: 13    Int: 24    God:    Vehumet [*****.]
Gold:   664        SH:  0    Dex: 15    Spells: 22/36 levels left

rFire    . . .     SeeInvis .   a - +4 hunting sling (flame)
rCold    + . .     Gourm    +   (no shield)
rNeg     . . .     Faith    .   f - +0 robe
rPois    .         Spirit   .   j - +1 helmet
rElec    +         Reflect  .   (no cloak)
rCorr    .         Harm     .   K - +0 pair of gloves
MR       +....                  F - +2 pair of boots
Stlth    ++........             I - amulet of Cezyrulu {Gourm rElec}
HPRegen  0.20/turn              p - ring of protection from cold
MPRegen  0.22/turn              (no ring)

@: frozen ramparts
A: no striking features
a: Renounce Religion


You were on level 14 of the Dungeon.
You worshipped Vehumet.
Vehumet was extremely pleased with you.
You were completely stuffed.

You visited 2 branches of the dungeon, and saw 14 of its levels.
You also visited: Ossuary.

You collected 664 gold pieces.

Inventory:

Hand Weapons
 a - a +4 hunting sling of flaming (weapon)
 b - a +2 dagger of speed
 w - a +0 long sword
 E - a +0 whip of electrocution
Missiles
 n - 159 stones (quivered)
 o - 50 poisoned darts
 D - 30 sling bullets
Armour
 f - a +0 robe (worn)
 j - a +1 helmet (worn)
 y - the +3 chain mail of Divine Compulsion {Dex+4, unknown}
   (You found it on level 5 of the Dungeon)

   It affects your dexterity (+4).
 F - a +2 pair of boots (worn)
 K - a +0 pair of gloves (worn)
Magical Staves
 G - an uncursed staff of energy {!a}
 M - an uncursed staff of fire
Jewellery
 i - an uncursed ring of teleportation
 p - a ring of protection from cold (left hand)
 I - the amulet of Cezyrulu (around neck) {Gourm rElec}
   (You found it on level 7 of the Dungeon)

   [amulet of the gourmand]

   It allows you to eat raw meat even when not hungry.
   It insulates you from electricity.
Wands
 z - a wand of iceblast (12)
 H - a wand of acid (8)
Scrolls
 h - 3 scrolls of remove curse {!r}
 k - 6 scrolls of teleportation {!r}
 l - a scroll of identify {!r}
 v - a scroll of magic mapping {!r}
 A - a scroll of enchant armour {!r}
Potions
 d - 3 potions of brilliance {!q}
 e - a potion of lignification {!q}
 g - 3 potions of mutation {!q}
 r - 6 potions of curing {!q}
 s - a potion of magic {!q}
 t - a potion of resistance {!q}
 x - a potion of might {!q}
 B - 2 potions of stabbing {!q}
 C - a potion of berserk rage {!q}
 J - a potion of invisibility {!q}
Miscellaneous
 L - a phantom mirror
Comestibles
 c - 21 rations
 m - 11 chunks of flesh


   Skills:
 - Level 3.0 Fighting
 - Level 3.0 Dodging
 - Level 3.0 Stealth
 + Level 13.2 Spellcasting
 * Level 15.6 Ice Magic
 - Level 3.0 Evocations


You had 22 spell levels left.
You knew the following spells:

 Your Spells              Type           Power        Failure   Level  Hunger
a - Freeze                Ice            ####         0%          1    None
b - Frozen Ramparts       Ice            ######       0%          3    None
c - Summon Ice Beast      Ice/Summ       ######..     1%          4    None
d - Stone Arrow           Conj/Erth      ###...       3%          3    None
z - Ozocubu's Armour      Chrm/Ice       ######..     1%          3    None

Your spell library contained the following spells:

 Spells                   Type           Power        Failure   Level  Hunger
 Iskenderun's Battlesphe  Conj/Chrm      ###.....     26%         5    ###....
 Foxfire                  Conj/Fire      ###.         1%          1    None
 Hailstorm                Conj/Ice       ######..     1%          4    None
 Conjure Flame            Conj/Fire      ###.....     3%          3    None
 Inner Flame              Hex/Fire       ###.....     3%          3    None
 Sticky Flame             Conj/Fire      ###.....     11%         4    None
 Fireball                 Conj/Fire      ###.......   26%         5    ###....


Dungeon Overview and Level Annotations

Branches:
Dungeon (15/15)            Temple (1/1) D:5             Orc (0/2) D:9
Ossuary (visited)
   Lair: D:8-11      Vaults: D:13-14     Depths: D:15

Altars:
Ashenzari
Cheibriados
Dithmenos
Elyvilon
Fedhas
Hepliaklqana
Makhleb
Nemelex Xobeh
Okawaru
Ru
Sif Muna
Trog
Vehumet
Wu Jian
Xom
Yredelemnul
Zin

Shops:
D:9 ?

Annotations:
D:15 exclusion: upstairs


Message History

Confirm with . or Enter, or press ? or * to list all spells.
Aiming: Freeze (safe; 0% risk of failure)
Press: ? - help, Shift-Dir - straight line, f/p - sky beast
Aim: a sky beast (heavily wounded)
You freeze the sky beast!
The sky beast is almost dead.
The frozen ramparts melt away.
The sky beast closely misses you.
Casting: Freeze (safe; 0% risk of failure)
Confirm with . or Enter, or press ? or * to list all spells.
Aiming: Freeze (safe; 0% risk of failure)
Press: ? - help, Shift-Dir - straight line, f/p - sky beast
Aim: a sky beast (almost dead)
You freeze the sky beast!
You kill the sky beast!
Vehumet accepts your kill.
You feel your power returning.
You see here a sky beast corpse.
n - 140 stones (gained 1)
You see here 26 arrows.
You see here a sky beast corpse.
n - 141 stones (gained 1)
n - 159 stones (gained 18)
Found 16 gold pieces.
Something hits you.
* * * LOW HITPOINT WARNING * * *
Deactivating autopickup; reactivate with Ctrl-A.
Something hits you.
* * * LOW HITPOINT WARNING * * *
Something hits you but does no damage. Something hits you but does no damage.
Casting: Freeze (safe; 0% risk of failure)
Confirm with . or Enter, or press ? or * to list all spells.
You can't see any susceptible monsters within range! (Use Z to cast anyway.)
Casting: Freeze (safe; 0% risk of failure)
Confirm with . or Enter, or press ? or * to list all spells.
The walls around you are covered in ice.
The wall freezes something.
Something hits you but does no damage.
The wall freezes something.
Something hits you but does no damage.
The wall freezes something.
Something hits you.
* * * LOW HITPOINT WARNING * * *
Casting: Frozen Ramparts (safe; 0% risk of failure)
Confirm with . or Enter, or press ? or * to list all spells.
A chill wind blows around you.
The wall freezes something.
Something hits you.
* * * LOW HITPOINT WARNING * * *
The wall freezes something but do no damage.
Something hits you!
* * * LOW HITPOINT WARNING * * *
Evoke which item? (* to show all) (? for menu, Esc to quit)
Aiming: Corrosive Bolt
Press: ? - help, Shift-Dir - straight line, f - you
Okay, then.
Really quaff
r - 8 potions of curing {!q}?
You feel better.
The wall freezes something.
Something hits you but does no damage.
The wall freezes something.
Something barely misses you.
The wall freezes something.
Something hits you but does no damage.
Really quaff
r - 7 potions of curing {!q}?
You feel better.
The wall freezes something.
Something hits you.
* * * LOW HITPOINT WARNING * * *
The wall freezes something.
Something hits you.
* * * LOW HITPOINT WARNING * * *
The wall freezes something but do no damage.
Something hits you!
You die...

#...........# ####....
#...........###.....##
+...........+.....>...
#...........##........
#...........##........
#...........#####....#
#####.Y...###......###
#{###.###.##...###
#@#.#...#.#.......
#.#.....#.####..##
..#....##.# ...#
#..#.......# ###.#
#..#.##†#### .#
...#.#..(..# ##
#....#.#.#.#
.........# # ##.#.####


You could see a friendly ice beast.

Vanquished Creatures
  A centaur warrior (D:15)
  2 two-headed ogres (D:10)
  Pikel (D:4)
  The ghost of incide the Shield-Bearer, a novice DsFi of Ashenzari (D:7)
  2 cyclopes
  A salamander (shapeshifter) (D:14)
  A guardian mummy (D:15)
  A wolf spider simulacrum (D:15)
  2 hippogriffs
  Grinder (D:3)
  Sigmund (D:6)
  A spriggan (D:8)
  Eustachio (D:6)
  4 fire bats (D:10)
  2 hungry ghosts
  Menkaure (D:4)
  An orc warrior (D:9)
  A sky beast (D:14)
  3 black bears
  2 ice beasts
  6 ogres
  4 slaves (D:4)
  2 necrophages
  10 centaurs
  A crocodile (D:10)
  A big kobold (D:9)
  A gnoll sergeant (D:8)
  A bullfrog (D:6)
  A wyvern zombie (Ossuary)
  A wyvern skeleton (D:10)
  A scorpion (D:10)
  6 killer bees (D:9)
  4 howler monkeys
  2 electric eels (D:6)
  7 crimson imps
  2 bullfrog zombies (Ossuary)
  A centaur zombie (Ossuary)
  2 quasits
  4 jellies
  4 orc priests
  A gnoll shaman (D:7)
  11 hounds
  8 orc wizards
  3 bullfrog skeletons
  3 iguanas
  Terence (D:3)
  4 worker ants
  A hound zombie (D:5)
  A hound skeleton (D:5)
  15 mummies (Ossuary)
  4 worker ant zombies
  Robin (D:3)
  9 gnolls
  6 adders
  3 shadow imps (D:5)
  2 oozes
  4 adder zombies
  An adder skeleton (D:4)
  4 worms
  3 dart slugs (D:2)
  9 leopard geckos
  28 orcs
  6 bats
  6 giant cockroaches
  13 goblins
  11 hobgoblins
  13 jackals
  3 quokkas
  A ball python (D:2)
  A ball python zombie (Ossuary)
  4 frilled lizards
  12 kobolds
  A leopard gecko zombie (Ossuary)
  A quokka skeleton (D:6)
  2 quokka zombies (Ossuary)
  4 rats
291 creatures vanquished.

Vanquished Creatures (collateral kills)
  An unseen horror (D:10)
  A hornet zombie (Ossuary)
  A wyvern zombie (Ossuary)
  A mummy (Ossuary)
  A killer bee zombie (Ossuary)
5 creatures vanquished.

Vanquished Creatures (others)
  4 withered plants (Ossuary)
4 creatures vanquished.

Grand Total: 300 creatures vanquished

Notes
Turn   | Place    | Note
-------+----------+-------------------------------------------
     0 | D:1      | Amnesiac the Deep Elf Ice Elementalist began the quest for
                  | the Orb.
     0 | D:1      | Reached XP level 1. HP: 10/10 MP: 6/6
   130 | D:1      | Reached XP level 2. HP: 7/15 MP: 4/8
   350 | D:3      | Noticed Grinder
   376 | D:2      | Reached skill level 5 in Ice Magic
   681 | D:2      | Reached XP level 3. HP: 17/19 MP: 6/10
   727 | D:2      | Learned a level 3 spell: Frozen Ramparts
   731 | D:2      | Learned a level 3 spell: Ozocubu's Armour
  1182 | D:2      | Reached XP level 4. HP: 24/24 MP: 7/12
  1282 | D:2      | Learned a level 4 spell: Summon Ice Beast
  1410 | D:4      | Noticed a slave
  1420 | D:4      | Reached skill level 6 in Ice Magic
  1420 | D:4      | Reached skill level 1 in Evocations
  1427 | D:4      | Killed a slave
  1437 | D:4      | Noticed Pikel
  1437 | D:4      | Noticed a slave
  1440 | D:4      | Noticed a slave
  1442 | D:4      | Noticed a slave
  1448 | D:4      | Killed a slave
  1451 | D:4      | Killed Pikel
  1451 | D:4      | Reached skill level 7 in Ice Magic
  1451 | D:4      | Reached XP level 5. HP: 21/28 MP: 5/15
  1451 | D:4      | Reached XP level 6. HP: 24/32 MP: 5/17
  1451 | D:4      | Reached XP level 7. HP: 27/36 MP: 5/18
  1605 | D:4      | Reached skill level 8 in Ice Magic
  1962 | D:4      | Noticed Menkaure
  1975 | D:4      | Killed Menkaure
  2114 | D:5      | Entered Level 5 of the Dungeon
  2119 | D:5      | Reached skill level 9 in Ice Magic
  2119 | D:5      | Reached XP level 8. HP: 41/41 MP: 16/20
  2126 | D:5      | Noticed a hippogriff
  2156 | D:5      | Killed a hippogriff
  2580 | D:5      | Reached skill level 1 in Fighting
  2838 | D:5      | Found a staircase to the Ecumenical Temple.
  2847 | D:5      | Got a heavily runed chain mail
  2853 | Temple   | Entered the Ecumenical Temple
  2872 | Temple   | Became a worshipper of Vehumet
  2892 | D:5      | Reached skill level 10 in Ice Magic
  3502 | D:3      | Killed Grinder
  3525 | D:3      | Reached * piety under Vehumet
  3525 | D:3      | Offered knowledge of Magic Dart by Vehumet.
  3559 | D:3      | Noticed Robin
  3570 | D:3      | Killed Robin
  3648 | D:3      | Noticed Terence
  3664 | D:3      | Killed Terence
  3673 | D:3      | Found a white marble altar of Elyvilon.
  3759 | D:3      | Found a sacrificial altar of Ru.
  3956 | D:5      | Reached XP level 9. HP: 48/48 MP: 19/23
  3962 | D:5      | Learned a level 4 spell: Hailstorm
  4209 | D:6      | Noticed Sigmund
  4218 | D:6      | Killed Sigmund
  4464 | D:6      | Reached skill level 11 in Ice Magic
  4715 | D:6      | Noticed Eustachio
  4724 | D:6      | Killed Eustachio
  4990 | D:7      | Found a sand-covered staircase.
  4996 | Ossuary  | Entered an ossuary
  5006 | Ossuary  | Reached ** piety under Vehumet
  5011 | Ossuary  | Offered knowledge of Foxfire by Vehumet.
  5670 | Ossuary  | Reached skill level 12 in Ice Magic
  5679 | Ossuary  | Offered knowledge of Conjure Flame by Vehumet.
  5679 | Ossuary  | Reached skill level 10 in Spellcasting
  5889 | Ossuary  | Reached *** piety under Vehumet
  5966 | D:7      | Found a shimmering altar of Xom.
  6360 | D:7      | Got a glittering golden amulet
  6361 | D:7      | Identified the amulet of Cezyrulu {Gourm rElec} (You found
                  | it on level 7 of the Dungeon)
  6498 | D:7      | Found a runed translucent door.
  6498 | D:7      | Noticed incide's ghost (novice DsFi)
  6838 | D:7      | Reached XP level 10. HP: 48/56 MP: 21/26
  6845 | D:7      | Killed incide's ghost
  6845 | D:7      | Offered knowledge of Ignite Poison by Vehumet.
  6972 | D:8      | Found a bloodstained altar of Trog.
  7183 | D:8      | Reached skill level 13 in Ice Magic
  7267 | D:8      | Noticed a cyclops
  7280 | D:8      | Killed a cyclops
  8006 | D:9      | Reached **** piety under Vehumet
  8015 | D:9      | Found a basalt altar of Yredelemnul.
  8046 | D:9      | Offered knowledge of Stone Arrow by Vehumet.
  8051 | D:9      | Learned a level 3 spell: Stone Arrow
  8069 | D:9      | Found Uggikon's Magic Scroll Emporium.
  8259 | D:9      | Found a staircase to the Orcish Mines.
  8754 | D:10     | Entered Level 10 of the Dungeon
  8779 | D:9      | Reached skill level 14 in Ice Magic
  8910 | D:10     | Noticed a two-headed ogre
  9027 | D:10     | Noticed a two-headed ogre
  9036 | D:10     | Killed a two-headed ogre
  9479 | D:10     | Reached XP level 11. HP: 45/59 MP: 27/29
  9726 | D:10     | Killed an unseen horror
  9948 | D:10     | Killed a two-headed ogre
 10057 | D:10     | Noticed a fire giant
 10323 | D:10     | Reached skill level 15 in Ice Magic
 10460 | D:11     | You fall into a shaft and drop 3 floors!
 10467 | D:14     | Noticed a death knight
 10474 | D:14     | Found a shadowy altar of Dithmenos.
 10475 | D:14     | Noticed a two-headed ogre
 10489 | D:15     | Entered Level 15 of the Dungeon
 10504 | D:15     | Noticed a centaur warrior
 10526 | D:15     | Killed a centaur warrior
 10651 | D:15     | Reached ***** piety under Vehumet
 10712 | D:14     | Offered knowledge of Iskenderun's Battlesphere by Vehumet.
 10743 | D:14     | HP: 2/60 [something (11)]
 10745 | D:14     | Slain by an unseen horror

Levels and vault maps discovered:
D:1:      dpeg_arrival_round_b, layout_basic, minmay_close_crescents
D:2:      minmay_spotlight, layout_loops_ring, minmay_tiny_reverse_x
D:3:      layout_rooms, lemuel_crystal_altar, elyvilon_altar_3, uniq_robin,
          uniq_terence, uniq_grinder
D:4:      layout_rooms, uniq_menkaure, uniq_pikel
D:5:      layout_rooms, minmay_temple_entry_grid, first_ration,
          grunt_ministairs_14
D:6:      layout_loops_cross, fountainhead, uniq_sigmund, uniq_eustachio
D:7:      layout_basic, nicolae_overflow_hidden_temple,
          ebering_ghost_inner_flame, nicolae_ossuary_entry_plus
D:8:      layout_loops_corners, trog_ov_bears_minmay, grunt_pizzeria,
          serial_bayou_pond_e
D:9:      layout_long_grid, kennysheep_mini, orc_0_dummy, serial_shops, shop
D:10:     minmay_firetagon, layout_rooms, lair_entry_dummy, patterned_corridor
D:11:     layout_roguey [special_room_orc], portal_ice_cave_entry_pillars_1
D:14:     layout_basic, david_vaults_2, dk_noncrumbling_2,
          nicolae_dithmenos_through_a_glass_darkly
D:15:     hangedman_depths_entry_try_elsewhere_first, layout_basic,
          nicolae_two_hexagons, nicolae_trove_entry_path_of_doom
Temple:   hc_temple_tempest_star

Skill      XL: |  1  2  3  4  5  6  7  8  9 10 11 |
---------------+----------------------------------+-----
Ice Magic      | 5 7 9 10 12 14 15 | 15.6
Spellcasting   | 4 6 7 8 10 12 13 | 13.2
Evocations     | 3 |  3.0
Stealth        | 3 |  3.0
Dodging        | 3 |  3.0
Fighting       | 2 3 |  3.0

Action                   |  1- 3 |  4- 6 |  7- 9 | 10-12 || total
-------------------------+-------+-------+-------+-------++-------
Melee: Dagger            |    18 |     8 |   128 |     9 ||   163
 Fire: Hunting sling     |       |       |   222 |   222 ||   444
 Cast: Freeze            |    40 |     5 |    52 |    39 ||   136
       Frozen Ramparts   |     4 |     3 |    51 |    37 ||    95
       Ozocubu's Armour  |       |       |     7 |     4 ||    11
       Summon Ice Beast  |       |       |     9 |     7 ||    16
Evoke: Wand              |       |       |     5 |     4 ||     9
  Use: Scroll            |       |       |    24 |     7 ||    31
       Potion            |       |       |       |     6 ||     6
 Stab: Sleeping          |     3 |       |     2 |       ||     5
       Paralysed         |       |       |    11 |     9 ||    20
  Eat: Chunk             |     1 |     1 |    18 |    38 ||    58
       Ration            |       |       |     1 |       ||     1
Armor: Robe              |    20 |       |    42 |    47 ||   109
       Skin              |       |       |       |    13 ||    13
Dodge: Dodged            |    36 |     6 |   127 |    81 ||   250

Table legend:
 A = Non-vault XP
 B = Vault XP
 C = Vault XP percentage of total XP
 D = Non-vault monster count
 E = Vault monster count
 F = Vault count percentage of total count
                 A         B        C        D         E       F
            +---------+---------+-------+---------+---------+-------
      Total |   12439 |    4744 |  27.6 |     221 |      71 |  24.3
            +---------+---------+-------+---------+---------+-------
        D:1 |      27 |       8 |  22.9 |      12 |       4 |  25.0
        D:2 |      57 |      19 |  25.0 |      17 |       8 |  32.0
        D:3 |     201 |     324 |  61.7 |      24 |      11 |  31.4
        D:4 |     422 |     856 |  67.0 |      21 |       2 |   8.7
        D:5 |     880 |      43 |   4.7 |      27 |       1 |   3.6
        D:6 |     850 |     419 |  33.0 |      23 |       2 |   8.0
        D:7 |     542 |     715 |  56.9 |      14 |       2 |  12.5
        D:8 |    1553 |     475 |  23.4 |      19 |       3 |  13.6
        D:9 |    1253 |       0 |   0.0 |      29 |       0 |   0.0
       D:10 |    3706 |     790 |  17.6 |      20 |       4 |  16.7
       D:11 |     129 |       0 |   0.0 |       4 |       0 |   0.0
       D:14 |     694 |       0 |   0.0 |       4 |       0 |   0.0
       D:15 |    2125 |     280 |  11.6 |       7 |       1 |  12.5
    Ossuary |       0 |     815 | 100.0 |       0 |      33 | 100.0
            +---------+---------+-------+---------+---------+-------
